 Dungeon Crawl Stone Soup version 0.28.0-53-g5a82cb258f (webtiles) character file.

Game seed: 1706801860082639904

7165 Gabide the Tainter (level 10, -3/163 HPs)
             Began as a Demigod Venom Mage on June 28, 2022.
             Slain by a cane toad (12 damage)
             ... on level 10 of the Dungeon.
             The game lasted 00:25:44 (14915 turns).

Gabide the Tainter (Demigod Venom Mage)            Turns: 14915, Time: 00:25:45

Health: -3/163     AC: 25    Str:  9    XL:     10   Next: 56%
Magic:  14/23      EV:  2    Int: 29    God:
Gold:   489        SH:  0    Dex: 14    Spells: 14/21 levels left

rFire   . . .      SeeInvis .   (no weapon)
rCold   . . .      Faith    .   (no shield)
rNeg    . . .      Spirit   .   (armour currently unavailable)
rPois   +          Reflect  .   (helmet currently unavailable)
rElec   .          Harm     .   (cloak currently unavailable)
rCorr   .          Rampage  .   (gloves currently unavailable)
Will    +....      NoTele   +   (boots currently unavailable)
Stlth   ..........              u - amulet of the acrobat
HPRegen 0.37/turn               m - ring of flight
MPRegen 0.18/turn               (no ring)

@: berserking, lethally poisoned (-3 -> -8), tree-form, very quick
A: stationary, stasis, torment immunity, boosted hp, high MP 1, forlorn, divine
attributes
a: no special abilities


You were on level 10 of the Dungeon.
You were a tree.
You visited 2 branches of the dungeon, and saw 12 of its levels.

You collected 489 gold pieces.

Inventory:

Hand Weapons
 p - a +1 whip of electrocution
 y - the +7 falchion "Nucol" {protect, rF+ Int+3}
   (You found it on level 7 of the Dungeon)

   It grants its wielder temporary protection when it strikes (+7 to AC).
   Int:       It affects your intelligence (+3).
   rF:        It protects you from fire.
Armour
 a - a +1 pair of gloves (melded)
 h - a +1 ring mail of willpower (melded)
 k - a +2 cloak (melded)
 q - a +2 helmet (melded)
Magical Staves
 e - a staff of poison
 B - a staff of death
Jewellery
 f - an amulet of regeneration
 j - an amulet of guardian spirit
 m - a ring of flight (left branch)
 u - an amulet of the acrobat (around neck)
 C - an amulet of magic regeneration
Wands
 l - a wand of digging (4)
 w - a wand of flame (43)
 D - a wand of mindburst (5)
Scrolls
 b - a scroll of silence
 n - a scroll of immolation
 o - a scroll of noise {unknown}
 r - 2 scrolls of teleportation
 t - a scroll of acquirement {unknown}
 v - a scroll of amnesia {unknown}
 A - a scroll of fear {unknown}
 E - a scroll of blinking {unknown}
 F - a scroll of fog {unknown}
Potions
 c - a potion of haste
 d - 2 potions of attraction
 s - a potion of mutation
 x - a potion of brilliance {unknown}


   Skills:
 - Level 2.0 Fighting
 - Level 4.0 Staves
 - Level 2.0 Armour
 - Level 2.0 Dodging
 - Level 2.0 Stealth
 + Level 6.4 Spellcasting
 - Level 8.0 Transmutations
 * Level 10.3 Poison Magic


You had 14 spell levels left.
You knew the following spells:

 Your Spells              Type           Power      Damage    Failure   Level
a - Sting                 Tmut/Pois      100%       1d8       1%          1
b - Poisonous Vapours     Pois/Air       78%        N/A       1%          2
c - Olgreb's Toxic Radia  Pois           62%        N/A       1%          4

Your spell library contained the following spells:

 Spells                   Type           Power      Damage    Failure   Level
 Mephitic Cloud           Conj/Pois/Air  29%        N/A       4%          3
 Summon Small Mammal      Summ           36%        N/A       5%          1
 Static Discharge         Conj/Air       9%         N/A       9%          2
 Call Canine Familiar     Summ           9%         N/A       16%         3
 Gell's Gravitas          Tloc           9%         N/A       16%         3
 Lesser Beckoning         Tloc           9%         N/A       16%         3
 Ozocubu's Armour         Ice            9%         N/A       16%         3
 Summon Guardian Golem    Hex/Summ       9%         N/A       16%         3
 Teleport Other           Tloc           9%         N/A       16%         3
 Airstrike                Air            4%         N/A       47%         4
 Summon Lightning Spire   Summ/Air       9%         N/A       47%         4
 Iskenderun's Battlesphe  Conj           9%         2d6       83%         5
 Lightning Bolt           Conj/Air       4%         1d16      83%         5
 Metabolic Englaciation   Hex/Ice        4%         N/A       83%         5
 Dispersal                Tloc           4%         N/A       100%        6
 Iron Shot                Conj/Erth      4%         9d2       100%        6
 Simulacrum               Ice/Necr       4%         N/A       100%        6
 Spellforged Servitor     Conj/Summ      4%         N/A       100%        7
 Maxwell's Capacitive Co  Air            4%         ∞         100%        8


Dungeon Overview and Level Annotations

Branches:
Dungeon (11/15)            Temple (0/1) D:4            Lair (1/6) D:10
    Orc (0/2) D:9

Shops:
D:2 (   D:5 (

Annotations:
D:9 exclusion: obsidian statue


Innate Abilities, Weirdness & Mutations

You are a tree.
Your roots penetrate the ground, keeping you stationary.
You cannot be teleported.
You are immune to unholy pain and torment.
Your maximum health is greatly increased.
Your equipment is partially melded.
You have an increased reservoir of magic. (+10% MP)
You shall have no god before yourself.
Your divine heritage dramatically boosts your attributes as you level up.


Message History

The sting hits the cane toad.
The cane toad looks as sick as possible!
The cane toad is heavily wounded.
You feel sick. The cane toad stings you.
* * * LOW HITPOINT WARNING * * *
You are lethally poisoned!
The cane toad poisons you!
* * * LOW HITPOINT WARNING * * *
You feel very sick. The cane toad closely misses you.
* * * LOW HITPOINT WARNING * * *
You feel very sick.
Really quaff the potion of lignification?
You turn into a tree.
Your +2 cloak melds into your body.
Your +2 helmet melds into your body.
Your +1 pair of gloves melds into your body.
Your +1 ring mail of willpower melds into your body.
You feel less strong-willed.
Your roots penetrate the ground.
* * * LOW HITPOINT WARNING * * *
You feel very sick.
The cane toad stings you but does no damage.
Casting: Sting (safe; 1% risk of failure)
Confirm with . or Enter, or press ? or * to list all spells.
Aiming: Sting (safe; 1% risk of failure)
Press: ? - help, Shift-Dir - straight line, f/p - cane toad
Aim: a cane toad (severely wounded, extremely poisoned, 81% to hit)
The sting hits the cane toad but does no damage.
The cane toad looks as sick as possible!
The cane toad is severely wounded.
* * * LOW HITPOINT WARNING * * *
You feel very sick.
The cane toad stings you but does no damage.
It was a potion of berserk rage.
A red film seems to cover your vision as you go berserk!
You feel yourself moving faster!
You feel mighty!
You feel sick.
The cane toad stings you but does no damage.
You barely miss the cane toad.
The cane toad is almost dead.
You feel sick. The cane toad stings you!
You die...

########### ##..........#
#.#
..........###...........#
#.#
###.........#....###....#
#..
#.######..#.#...≈...#.#
#.. #.# #..##..#...#..##
#.. #.#
#..##.##...##.########..
#.#
#..##....P....#.........
###.#
##.##≈.).>...≈#########.
..#.# #.##..♣F.....# #.
..#.#######.##.##)).##.#
#.
.....#.......#..#...#..##
#.
#....#........#...≈...#.#
#)
#....#...........###[...#
#.
#....#.............)....#
#(
#....#.............###.##
###.
#....#.................#
#...
###.##.................#
#...


You could see a cane toad (extremely poisoned).

Vanquished Creatures
  A two-headed ogre (D:9)
  Pikel (D:4)
  A cane toad (D:10)
  Psyche (D:10)
  A hornet (D:10)
  Grinder (D:3)
  Sigmund (D:3)
  A wraith (D:9)
  9 yaks
  2 steam dragons
  A basilisk (D:10)
  2 water moccasins (D:7)
  An orc warrior (D:9)
  2 ice beasts
  A necrophage (D:5)
  2 ogres
  3 centaurs
  4 lemures (D:4)
  4 bullfrogs
  3 scorpions
  8 killer bees
  9 wights
  5 howler monkeys
  3 jellies
  4 hounds
  2 bullfrog skeletons
  3 gnoll shamans
  An orc priest (D:4)
  A centaur skeleton (D:7)
  Natasha (thrice) (D:3)
  3 iguanas
  An orc wizard (D:4)
  A killer bee zombie (D:6)
  A hound skeleton (D:4)
  4 adders
  15 gnolls
  A howler monkey skeleton (D:6)
  A shadow imp (D:6)
  2 adder skeletons
  A worm (D:2)
  3 dart slugs
  18 orcs
  7 endoplasms
  5 goblins
  9 hobgoblins
  2 jackals (D:1)
  4 quokkas
  9 ball pythons
  7 bats
  5 frilled lizards
  4 kobolds
  5 rats
189 creatures vanquished.

Vanquished Creatures (others)
  18 bushes (D:9)
  19 fungi (D:9)
  11 plants (D:10)
48 creatures vanquished.

Grand Total: 237 creatures vanquished

Notes
Turn   | Place    | Note
-------+----------+-------------------------------------------
     0 | D:1      | Gabide the Demigod Venom Mage began the quest for the Orb.
     0 | D:1      | Reached XP level 1. HP: 14/14 MP: 5/5
    32 | D:1      | Reached skill level 1 in Transmutations
   536 | D:1      | Reached skill level 3 in Poison Magic
   536 | D:1      | Reached XP level 2. HP: 20/20 MP: 5/7
  1080 | D:2      | Found Paowotou's Weapon Shoppe.
  1385 | D:2      | Reached XP level 3. HP: 26/26 MP: 0/8
  1858 | D:2      | Reached XP level 4. HP: 34/34 MP: 7/9
  2079 | D:2      | Reached skill level 1 in Fighting
  2446 | D:3      | Noticed Sigmund
  2803 | D:3      | Noticed Natasha
  2810 | D:3      | Killed Natasha
  2961 | D:3      | Noticed Natasha
  2970 | D:3      | Killed Natasha
  3071 | D:3      | Reached XP level 5. HP: 41/41 MP: 1/11
  3203 | D:3      | Noticed Natasha
  3219 | D:3      | Killed Natasha
  3828 | D:3      | Noticed Grinder
  3846 | D:3      | Killed Grinder
  3847 | D:3      | Reached skill level 4 in Poison Magic
  3847 | D:3      | Reached XP level 6. HP: 22/48 MP: 9/13
  4042 | D:3      | Killed Sigmund
  4152 | D:4      | Identified the +3 plate armour of Vanity {rN+}
  4155 | D:4      | Reached XP level 7. HP: 36/55 MP: 7/14
  4284 | D:3      | Learned a level 2 spell: Poisonous Vapours
  4552 | D:4      | Noticed Pikel
  4974 | D:4      | Reached skill level 1 in Armour
  5060 | D:4      | Reached skill level 5 in Transmutations
  5060 | D:4      | Reached skill level 5 in Poison Magic
  5498 | D:4      | Killed Pikel
  5499 | D:4      | Reached XP level 8. HP: 57/61 MP: 9/16
  5575 | D:4      | Found a staircase to the Ecumenical Temple.
  5628 | D:5      | Entered Level 5 of the Dungeon
  6062 | D:5      | Reached skill level 6 in Poison Magic
  6193 | D:5      | Found Atewkacw's Weapon Boutique.
  7248 | D:6      | Reached skill level 7 in Poison Magic
  7564 | D:6      | Reached skill level 1 in Staves
  8050 | D:7      | Reached XP level 9. HP: 46/67 MP: 13/18
  9601 | D:7      | Identified the +7 falchion "Nucol" {protect, rF+ Int+3}
  9897 | D:8      | Learned a level 4 spell: Olgreb's Toxic Radiance
 10537 | D:9      | Found a staircase to the Orcish Mines.
 10693 | D:9      | Noticed a two-headed ogre
 10713 | D:9      | Killed a two-headed ogre
 10714 | D:9      | Reached skill level 8 in Poison Magic
 10810 | D:9      | Noticed an obsidian statue
 10816 | D:9      | Noticed a rust devil
 10828 | D:9      | Noticed a soul eater
 10987 | D:9      | Reached skill level 5 in Spellcasting
 11613 | D:9      | HP: 2/59 [wight/+0 flail (5)]
 11940 | D:9      | Reached XP level 10. HP: 27/62 MP: 21/21
 12385 | D:10     | Entered Level 10 of the Dungeon
 12543 | D:9      | Reached skill level 9 in Poison Magic
 13151 | D:10     | Noticed Psyche
 13162 | D:10     | Killed Psyche
 13749 | D:10     | Reached skill level 10 in Poison Magic
 14000 | D:10     | Found a staircase to the Lair.
 14426 | Lair:1   | Entered Level 1 of the Lair of Beasts
 14915 | D:10     | Slain by a cane toad

Illustrated notes

Levels and vault maps discovered:
D:1:      ncdulo_halloftheorcs, layout_basic, due_unseen_surprise
D:2:      layout_loops_ring, ebering_ecumenical_altar_box, serial_shops, shop
D:3:      layout_basic, mainiacjoe_overflow_small_starburst,
          gammafunk_temple_overflow_pools, st_stairs_9, uniq_grinder,
          uniq_sigmund, uniq_natasha
D:4:      layout_basic, temple_hall, uniq_pikel
D:5:      layout_cave_pools, mainiacjoe_overflow_24_doors,
          mainiacjoe_overflow_alcove_4, serial_shops,
          nicolae_shop_bloodbath_and_beyond, bh_walls_and_bars,
          uniq_crazy_yiuf_cottage
D:6:      layout_rooms
D:7:      layout_loops_ring, marbit_many_paths, serial_park_tiny_pond
D:8:      layout_cave_pools
D:9:      layout_roguey, mainiacjoe_overflow_chevrons, lemuel_crystal_altar,
          elyvilon_altar_5, orc_0_dummy, minivault_16, minmay_hedge_maze
D:10:     layout_basic, kennysheep_mini_moat, dpeg_oklobed_lair, uniq_psyche
D:11:     layout_loops_ring
Lair:1:   layout_misc_corridors, uniq_urug

Skill      XL: |  1  2  3  4  5  6  7  8  9 10 |
---------------+-------------------------------+-----
Transmutations | 1 2 3 4 6 7 8 |  8.0
Poison Magic   | 3 4 5 7 8 10 | 10.3
Spellcasting   | 2 3 4 5 6 |  6.4
Dodging        | 2 |  2.0
Stealth        | 2 |  2.0
Fighting       | 2 |  2.0
Armour         | 2 |  2.0
Staves         | 2 4 |  4.0

Action                   |  1- 3 |  4- 6 |  7- 9 | 10-12 || total
-------------------------+-------+-------+-------+-------++-------
Melee: Staff             |    14 |     7 |    89 |     6 ||   116
       Unarmed           |     5 |       |       |     1 ||     6
       Punch             |       |       |     6 |       ||     6
       Whip              |       |       |    42 |   101 ||   143
 Cast: Sting             |    73 |    95 |   309 |    18 ||   495
       Poisonous Vapours |       |       |    10 |       ||    10
       Olgreb's Toxic Ra |       |       |    23 |    26 ||    49
  Use: Scroll            |       |     6 |     9 |     2 ||    17
       Potion            |       |     1 |     6 |     6 ||    13
Armor: Leather armour    |    17 |    13 |     8 |       ||    38
       Ring mail         |       |       |   215 |    37 ||   252
       Skin              |       |       |       |     3 ||     3
Dodge: Dodged            |    32 |    23 |   262 |    48 ||   365
